Map: Pride of Altaris LE

Players

PigHunter

  • Race: Protoss Protoss
  • League: Gold
  • Spawn Location: 5:00

Pumba - Winner!

  • Race: Protoss Protoss
  • League: Gold
  • Spawn Location: 11:00

VOD

Have the link to the VOD?

Description

Time

  • Played on: Feb. 1, 2022, 6:13 p.m.
  • Length: 10:31
Show
View Real Time Build Order
Export as new Build Order

PigHunter Protoss 

Build Orders:  

Get SALT Encoding   

  12  0:01  Probe  
  13  0:13  Probe  
  14  0:18  Pylon  
  14  0:25  Probe  
  15  0:38  Gateway  
  15  0:39  Probe (Chrono Boost)  
  16  0:46  Assimilator  
  17  0:51  Probe (Chrono Boost)  
  17  0:56  Probe (Chrono Boost)  
  18  1:06  Probe  
  18  1:07  Assimilator  
  19  1:13  Gateway  
  19  1:18  Probe  
  20  1:27  Cybernetics Core  
  20  1:30  Probe  
  21  1:46  Pylon  
  21  1:47  Pylon  
  21  1:48  Probe  
  22  2:00  Probe  
  23  2:04  Stalker x2  
  23  2:07  Warp Gate  
  27  2:27  Robotics Facility  
  27  2:30  Probe  
  27  2:34  Pylon  
  30  2:42  Stalker (Chrono Boost)  
  30  2:43  Stalker (Chrono Boost)  
  32  2:53  Shield Battery  
  32  3:07  Stalker  
  32  3:08  Stalker  
  36  3:23  Immortal (Chrono Boost)  
  40  3:55  Stalker  
  40  3:56  Warp Prism (Chrono Boost), Stalker  
  36  4:38  Immortal  
  40  4:51  Stalker x2  
  28  5:07  Probe  
  29  5:18  Nexus  
  29  5:19  Probe  
  29  5:21  Shield Battery  
  30  5:22  Stargate  
  30  5:31  Probe  
  31  5:46  Stalker  
  33  5:50  Assimilator  
  33  5:52  Probe  
  34  6:04  Probe  
  39  6:05  Oracle (Chrono Boost)  
  38  6:16  Probe  
  39  6:19  Twilight Council  
  39  6:24  Stalker  
  41  6:28  Probe  
  42  6:37  Void Ray (Chrono Boost)  
  47  6:42  Probe x2  
  47  6:44  Stalker  
  51  6:51  Stalker  
  52  6:56  Pylon  
  52  7:02  Shield Battery  
  52  7:14  Void Ray (Chrono Boost)  
  56  7:25  Pylon  
  56  7:27  Pylon  
  56  7:30  Probe x2  
  56  7:32  Charge  
  58  7:39  Stalker  
  58  7:41  Stalker  
  58  7:42  Gateway  
  62  7:45  Probe (Chrono Boost)  
  62  7:48  Probe (Chrono Boost)  
  64  7:57  Probe (Chrono Boost)  
  65  8:02  Void Ray (Chrono Boost)  
  65  8:03  Probe (Chrono Boost)  
  70  8:08  Probe (Chrono Boost)  
  70  8:10  Probe  
  72  8:15  Stalker x2  
  76  8:23  Pylon  
  76  8:32  Assimilator  
  76  8:38  Stalker  
  78  8:42  Stalker x2  
  82  8:48  Forge  
  82  8:49  Void Ray (Chrono Boost)  
  86  8:57  Cybernetics Core  
  75  9:30  Stalker  
  65  9:31  Stalker x2  
  65  9:33  Void Ray (Chrono Boost)  
  73  9:38  Probe x2  
  75  9:47  Photon Cannon  
  75  9:59  Zealot  
  68  10:00  Zealot x2  
Show
View Real Time Build Order
Export as new Build Order

Pumba Protoss - Winner!

Build Orders: 1 Gate Expand 

Get SALT Encoding   

  12  0:00  Probe  
  13  0:13  Probe  
  14  0:20  Pylon  
  14  0:25  Probe  
  15  0:38  Probe (Chrono Boost)  
  15  0:39  Gateway  
  16  0:47  Assimilator  
  17  0:50  Probe (Chrono Boost)  
  17  0:55  Probe (Chrono Boost)  
  18  1:04  Probe  
  19  1:16  Probe  
  20  1:25  Nexus  
  20  1:37  Cybernetics Core  
  21  1:40  Probe  
  21  1:44  Assimilator  
  21  1:56  Probe, Pylon  
  22  2:08  Probe  
  23  2:11  Stalker (Chrono Boost)  
  23  2:12  Warp Gate (Chrono Boost)  
  25  2:20  Probe  
  26  2:29  Robotics Facility  
  27  2:37  Probe x2 (Chrono Boost)  
  27  2:39  Stalker  
  30  2:48  Probe (Chrono Boost)  
  30  2:49  Probe (Chrono Boost)  
  32  2:56  Probe  
  32  2:57  Probe  
  34  3:08  Probe, Gateway  
  34  3:09  Gateway  
  34  3:10  Probe  
  36  3:16  Stalker  
  38  3:20  Probe  
  38  3:21  Observer (Chrono Boost)  
  38  3:24  Probe  
  41  3:32  Probe  
  42  3:36  Probe  
  42  3:40  Shield Battery  
  43  3:43  Pylon  
  43  3:56  Immortal (Chrono Boost)  
  46  4:05  Stalker x2  
  46  4:06  Pylon  
  50  4:10  Pylon  
  50  4:12  Stalker  
  52  4:23  Probe  
  50  4:33  Stalker x2  
  50  4:37  Probe x2  
  58  4:49  Probe x2  
  60  4:57  Stalker x2  
  64  5:07  Immortal  
  64  5:10  Pylon  
  64  5:12  Robotics Bay, Pylon  
  64  5:16  Assimilator  
  64  5:21  Assimilator  
  64  5:30  Probe x2  
  64  5:31  Pylon  
  64  5:33  Pylon  
  66  5:43  Probe  
  66  5:44  Probe  
  67  5:55  Probe  
  67  5:56  Probe  
  69  5:57  Sentry  
  69  5:58  Sentry x2  
  75  6:07  Probe, Pylon  
  75  6:08  Probe, Pylon  
  77  6:11  Colossus (Chrono Boost)  
  83  6:34  Sentry x2  
  83  6:38  Probe  
  88  6:42  Pylon  
  88  6:43  Pylon  
  88  6:46  Gateway  
  88  6:48  Gateway  
  88  6:50  Gateway  
  88  6:55  Colossus (Chrono Boost)  
  94  7:03  Gateway  
  94  7:05  Extended Thermal Lance (Chrono Boost)  
  94  7:06  Gateway  
  94  7:12  Pylon  
  94  7:15  Pylon  
  94  7:18  Sentry  
  92  7:23  Stalker  
  92  7:25  Stalker  
  93  7:45  Warp Prism (Chrono Boost)  
  93  7:47  Probe x2  
  97  7:59  Stalker x2  
  101  8:12  Forge  
  101  8:22  Stalker  
  101  8:23  Stalker x2  
  107  8:45  Photon Cannon  
  107  8:48  Photon Cannon  
  107  8:54  Photon Cannon  
  107  8:58  Stalker  
  107  8:59  Stalker x3  
Tags
 
Add a new tag
Caveats
  • Supply blocks, unpowered buildings, or Contaminate may cause inaccurate times.
  • Supply counts are checked every 10 seconds.